[Event "*** Titled Tuesday 3|2 Blitz"]
[Site "Chess.com"]
[Date "2016.01.05"]
[Round "6"]
[White "gumersindo"]
[Black "Maitreia"]
[Result "1-0"]
[WhiteElo "2296"]
[BlackElo "2439"]
[TimeControl "180+2"]
[EndTime "12:13:28 PST"]
[Termination "gumersindo won by checkmate"]

1. d4 Nf6 2. c4 e5 3. dxe5 Ng4 4. Bf4 Bb4+ 5. Nd2 Nc6 6. Nf3 Qe7 7. e3 Ngxe5 8. Nxe5 Nxe5 9. Be2 O-O 10. O-O Bxd2 11. Qxd2 d6 12. Qc3 b6 13. b4 a5 14.
a3 c5 15. bxc5 bxc5 16. Rfd1 Bb7 17. Ra2 f6 18. Rad2 Rfd8 19. Rb1 Be4 20. Rb6 a4 21. f3 Bg6 22. Bd1 Bf7 23. Be2 g5 24. Bg3 Rab8 25. Rdb2 Rxb6 26. Rxb6 Be6 27. h3 Qf7 28. Bxe5 dxe5 29. Ra6 Qd7 30. Kf2 Kg7 31. Qa5 Bf7 32. Qxc5 Rc8 33. Qb6 Qe7 34. Rxa4 Rc7 35. Rb4 e4 36. fxe4 Rd7 37. Qc6 Rd2 38. Rb7 Qe5 39. Qc7 Qe6 40. Ke1 Ra2 41. Bh5 Ra1+ 42. Kf2 Ra2+ 43. Kf3 g4+ 44. hxg4 Kh6 45. Qxf7 Qe5 46.
Qxh7+ Kg5 47. Rg7+ Kh4 48. Bg6+ Kg5 49. Qh5# 1-0

[Event "*** Titled Tuesday 3|2 Blitz"]
[Site "Chess.com"]
[Date "2016.01.05"]
[Round "6"]
[White "GGuseinov"]
[Black "TomsKantans"]
[Result "0-1"]
[WhiteElo "2518"]
[BlackElo "2382"]
[TimeControl "180+2"]
[EndTime "12:13:37 PST"]
[Termination "TomsKantans won on time"]

1. e4 d5 2. exd5 Qxd5 3. Nc3 Qd6 4. d4 g6 5. h3 Bg7 6. Nf3 Nf6 7. Nb5 Qb6 8. c4 c6 9. Nc3 O-O 10. Bd3 Rd8 11. O-O Qc7 12. Qe2 Na6 13. Re1 Be6 14.
a3 Nh5 15. Ng5 Rxd4 16. Nxe6 fxe6 17. Be3 Nf4 18. Bxf4 Qxf4 19. Qxe6+ Kh8 20. Ne2 Qf8 21. Nxd4 Bxd4 22. Qe2 Nc5 23. Rf1 Rd8 24. Bc2 Bxb2 25. Rae1 e5 26. Bxg6 Bc3 27. Qh5 Qg7 28. Bf5 Bxe1 29.
Rxe1 h6 30. Re3 Rg8 31. Rg3 Qf6 32. Bg6 Qf4 33. Rg4 Qc1+ 34. Kh2 Nd7 35. Qf5 Qd2 36. f4 exf4 37. Rxf4 Qd6 38. Bf7 Rf8 39. h4 Ne5 0-1

[Event "*** Titled Tuesday 3|2 Blitz"]
[Site "Chess.com"]
[Date "2016.01.05"]
[Round "6"]
[White "GianmarcoVaR"]
[Black "AndroQueen"]
[Result "0-1"]
[WhiteElo "2271"]
[BlackElo "2462"]
[TimeControl "180+2"]
[EndTime "12:13:41 PST"]
[Termination "AndroQueen won by checkmate"]

1. d4 Nf6 2. Nf3 d5 3. c4 e6 4. Nc3 dxc4 5. e3 a6 6. a4 b6 7. Bxc4 Bb7 8. O-O Bb4 9. Ne5 O-O 10. Qb3 Bd6 11. Rd1 Nbd7 12. f3 Qe7 13. Nxd7 Qxd7 14. e4 Ne8 15. Bg5 Be7 16. Be3 Nd6 17. Bf1 Rfd8 18.
d5 e5 19. Bf2 f5 20. exf5 Qxf5 21. Ne4 Kh8 22. Nxd6 Bxd6 23. Rac1 Rac8 24. a5 b5 25. Bd3 Qf7 26. Be4 c5 27. Qc2 Qh5 28. Re1 Rc7 29. g4 Qh3 30. Be3 Rf7 31. Qe2 c4 32.
Bb6 Rdf8 33. Rcd1 Bc8 34. Qe3 Rf4 35. Re2 h5 36. g5 Bf5 37. Bxf5 Qxf5 38. Rf1 e4 39.
Ref2 Qxg5+ 40. Kh1 Qxd5 41. fxe4 Qg5 42. Rxf4 Bxf4 43. Qe2 Rf6 44. Bd4 Rg6 45. Bc3 Kh7 46.
e5 Be3 47. Qf3 Qg1+ 48. Rxg1 Rxg1# 0-1

[Event "*** Titled Tuesday 3|2 Blitz"]
[Site "Chess.com"]
[Date "2016.01.05"]
[Round "6"]
[White "FairChess_on_YouTube"]
[Black "LyonBeast"]
[Result "1-0"]
[WhiteElo "2779"]
[BlackElo "2779"]
[TimeControl "180+2"]
[EndTime "12:13:46 PST"]
[Termination "FairChess_on_YouTube won by resignation"]

1. d4 Nf6 2. c4 g6 3. Nf3 Bg7 4.
e3 O-O 5. Be2 b6 6. O-O Bb7 7.
Nc3 d5 8. cxd5 Nxd5 9. Bd2 e6 10.
Rc1 Nd7 11. Nxd5 Bxd5 12. Bc4 Bxc4 13. Rxc4 c5 14. dxc5 Nxc5 15. Bc3 Bxc3 16. Rxc3 Qxd1 17. Rxd1 Rfd8 18. Rd4 f6 19. Kf1 e5 20. Rxd8+ Rxd8 21. Ke2 Rd7 22. Ne1 Kf7 23. Nd3 Ne4 24. Rc4 Nd6 25. Rc6 Ke7 26. Nb4 Ne4 27. Nd3 Rd6 28. Rc7+ Rd7 29. Rc6 Rd6 30. Rc4 Ng5 31. a4 Ne6 32. b4 Kd7 33. b5 h5 34. h4 Nd8 35.
Nb4 Ne6 36. Na6 Ke8 37. Rc8+ Rd8 38. Rc6 Ke7 39. Nb4 Rd7 40. f3 Nc5 41. e4 Ne6 42. Nd5+ Rxd5 43. exd5 Nd4+ 44. Ke3 Nxc6 45. dxc6 f5 46.
Kd3 Ke6 47. Kc4 Kd6 48. g3 Ke6 49. c7 Kd7 50. Kd5 f4 51. gxf4 1-0

[Event "*** Titled Tuesday 3|2 Blitz"]
[Site "Chess.com"]
[Date "2016.01.05"]
[Round "6"]
[White "Colombiano07"]
[Black "BahadirOzen"]
[Result "0-1"]
[WhiteElo "2164"]
[BlackElo "2483"]
[TimeControl "180+2"]
[EndTime "12:13:51 PST"]
[Termination "BahadirOzen won by resignation"]

1. e4 d6 2. d4 Nf6 3. Nc3 Nbd7 4. f4 e5 5. Nf3 exd4 6. Nxd4 g6 7. Bd3 Bg7 8. O-O O-O 9. Nf3 Re8 10. Kh1 c6 11.
Be3 b5 12. a3 Bb7 13. Qd2 a5 14. Bd4 b4 15. axb4 axb4 16. Rxa8 Bxa8 17. Ne2 c5 18. Bxf6 Qxf6 19. Bb5 Rd8 20. Ng3 Nf8 21. b3 Ne6 22. f5 Nd4 23. Nxd4 Qxd4 24. Qxd4 Bxd4 25. Bc4 Rd7 26. fxg6 hxg6 27. Bd5 Bxd5 28. exd5 Re7 29. h3 Re3 30. Rf3 Re1+ 31. Nf1 Re5 32. Rd3 Rxd5 33. Nd2 Re5 34. Nf3 Re4 35. Nxd4 cxd4 36. Kg1 Kg7 37.
Kf2 f5 38. Kf3 Kf6 39. Kf2 d5 40. Rd1 Ke5 41. Ra1 Re3 42. Ra8 Rc3 43. Re8+ Kf4 44.
Re2 d3 45. g3+ Kg5 46. cxd3 Rxd3 47. Rb2 f4 48. gxf4+ Kxf4 49. Kg2 d4 50. Rf2+ Ke5 51. Rb2 g5 52. Rb1 Ke4 53. Re1+ Re3 54. Rb1 Kd3 0-1

[Event "*** Titled Tuesday 3|2 Blitz"]
[Site "Chess.com"]
[Date "2016.01.05"]
[Round "6"]
[White "GeorgMeier"]
[Black "Zlatan56"]
[Result "0-1"]
[WhiteElo "2672"]
[BlackElo "2597"]
[TimeControl "180+2"]
[EndTime "12:13:55 PST"]
[Termination "Zlatan56 won by resignation"]

1. Nf3 g6 2. e4 Bg7 3. d4 d6 4. Be2 Nf6 5. Nc3 O-O 6. O-O a6 7. Bf4 Nc6 8. Qc1 Bg4 9. Rd1 Nd7 10. e5 Qc8 11. Qe3 Nb6 12. b3 Nb4 13. Rac1 N4d5 14. Nxd5 Nxd5 15. Qd2 Nxf4 16. Qxf4 Qf5 17. Qxf5 Bxf5 18.
h3 Bh6 19. g4 Bxc1 20. Rxc1 Be4 21. Nd2 Bc6 22. Bd3 dxe5 23. dxe5 Rad8 24. a4 Rd4 25. Re1 Rfd8 26. Re3 Kg7 27. Kh2 a5 28. Kg3 b6 29.
f4 e6 30. Nb1 h5 31. gxh5 gxh5 32. Nc3 h4+ 33. Kg4 f5+ 34. Kg5 Kf7 35. Ne2 Rg8+ 36.
Kxh4 Rdd8 37. Ng3 Rg6 38. Be2 Rh8+ 39. Nh5 Ke7 40. Rc3 Kd7 41. Rg3 Rxg3 42. Kxg3 Rg8+ 43. Kh4 Rg2 44. Bd3 Ke7 45. Nf6 Bf3 46. c3 Bd1 47.
Bc4 c6 48. b4 Bxa4 49. bxa5 bxa5 50. Kh5 Bd1+ 51. Kh6 a4 52. h4 Bb3 0-1

[Event "*** Titled Tuesday 3|2 Blitz"]
[Site "Chess.com"]
[Date "2016.01.05"]
[Round "6"]
[White "BIG_Pirate"]
[Black "chess960now"]
[Result "1-0"]
[WhiteElo "2203"]
[BlackElo "1963"]
[TimeControl "180+2"]
[EndTime "12:13:57 PST"]
[Termination "BIG_Pirate won by resignation"]

1. Nf3 Nf6 2. c4 g6 3. Nc3 d5 4. g3 d4 5. Nb5 c5 6. d3 a6 7. Na3 Nc6 8. Bg2 e5 9. O-O Bg7 10. Bg5 O-O 11. Nc2 Qd6 12. Nd2 Bf5 13.
Rb1 Rfe8 14. Bxf6 Bxf6 15. Ne4 Qe7 16. Nxf6+ Qxf6 17. b4 Re7 18. bxc5 e4 19. Rb6 Qe5 20. Nb4 Qxc5 21. Nxc6 bxc6 22. Qb3 a5 23. Rb1 Rae8 24. Rb8 exd3 25. Rxe8+ Rxe8 26. exd3 a4 27. Qd1 Qa3 28. Bxc6 Re7 29. Qd2 Bxd3 30. Rb8+ Kg7 31. Bd5 Bf5 32. Kg2 Qc3 33. Rb2 Qxd2 34. Rxd2 a3 35. Rxd4 Bb1 36. c5 Rc7 37. c6 Kf6 38. f4 Ke7 39. Kf3 f5 40. Ke3 Kf6 41. Kd2 Ke7 42.
Kc3 Be4 43. Bxe4 fxe4 44. Rxe4+ Kd6 45. Rc4 h5 46. Kb4 Kd5 47. Rc5+ Kd6 48. Rc3 Kd5 49.
Kxa3 Ke4 50. Kb4 Kd4 51. Rc4+ Ke3 52. Kc5 Kf2 53. Kd6 1-0

[Event "*** Titled Tuesday 3|2 Blitz"]
[Site "Chess.com"]
[Date "2016.01.05"]
[Round "6"]
[White "maciek_92"]
[Black "stepanosinovsky"]
[Result "1-0"]
[WhiteElo "2362"]
[BlackElo "2233"]
[TimeControl "180+2"]
[EndTime "12:14:10 PST"]
[Termination "maciek_92 won by resignation"]

1. e4 e5 2. Nf3 Nc6 3. Bc4 Nf6 4.
Ng5 d5 5. exd5 Na5 6. Bb5+ c6 7.
dxc6 bxc6 8. Be2 h6 9. Nh3 Bxh3 10. gxh3 Bd6 11. d3 O-O 12. O-O Nb7 13. Nc3 Nc5 14. Be3 Rb8 15. b3 Qc7 16. Bf3 Rfe8 17. Ne4 Nfxe4 18. Bxe4 Nxe4 19. dxe4 Re6 20. Kh1 Qe7 21. Rg1 Bc5 22. Qe2 Bd4 23. Rad1 c5 24. Rg3 Kh7 25. Bc1 Rf6 26. Rf1 c4 27. c3 Bb6 28. b4 a5 29. a3 axb4 30. axb4 Rd8 31. Be3 Qc7 32. Kg2 Qc6 33. Bxb6 Qxb6 34. Qxc4 Rd2 35. Rf3 Rg6+ 36. Kh1 Qd6 37. Qxf7 Rd1 38. Qc4 Qd2 39. Rg3 Rf6 40. Kg2 Rxf1 41. Qxf1 Qc2 42. Qe1 Rf4 43. Re3 h5 44.
Qe2 Qb3 45. Qxh5+ Kg8 46. Qxe5 Qf7 47. Qd5 Rxf2+ 48. Kg3 Rc2 49. Qxf7+ Kxf7 50. Kf4 Ke6 51. Rg3 Rc1 52. h4 Rc2 53. h3 Rc1 54. h5 Rf1+ 55.
Ke3 Rh1 56. Kd4 Rc1 57. Kc5 1-0

[Event "*** Titled Tuesday 3|2 Blitz"]
[Site "Chess.com"]
[Date "2016.01.05"]
[Round "6"]
[White "Danirod"]
[Black "amaidel"]
[Result "1/2-1/2"]
[WhiteElo "2389"]
[BlackElo "2372"]
[TimeControl "180+2"]
[EndTime "12:14:10 PST"]
[Termination "Game drawn by repetition"]

1. e4 e5 2. Nf3 Nf6 3. Nxe5 d6 4. Nf3 Nxe4 5. Nc3 Nf6 6. d4 Be7 7. Bg5 O-O 8. Qd2 d5 9. O-O-O Ne4 10. Nxe4 dxe4 11. Bxe7 Qxe7 12. Ne5 f6 13. Nc4 c6 14.
Kb1 Be6 15. Ne3 Nd7 16. f3 exf3 17. gxf3 Nb6 18. Bd3 Rfe8 19. Rhg1 Bxa2+ 20. Kxa2 Qxe3 21. Qg2 Qh6 22. Qg3 Nd5 23. Kb1 Rad8 24. Be4 Ne3 25. Rde1 f5 26. Rxe3 f4 27. Bd5+ cxd5 28. Rxe8+ Rxe8 29. Qg4 Qf6 30. Qd7 Qf7 31. Qd6 g6 32. Rg4 Re6 33. Qb8+ Re8 34. Qxa7 Re1+ 35. Ka2 h5 36. Rg5 Re6 37. Qb8+ Kh7 38. Kb1 Re1+ 39. Ka2 Re6 40. Re5 Rxe5 41. Qxe5 b5 42. h4 Qa7+ 43. Kb1 Qf7 44.
Ka2 Qa7+ 45. Kb1 Qf7 46. c3 Qg7 47. Qxf4 g5 48. hxg5 Qg6+ 49. Ka2 Qa6+ 50. Kb1 Qg6+ 51. Ka2 Kg8 52. Kb3 Qa6 53. Kc2 Qg6+ 54. Kb3 Qa6 55. Kb4 Qc6 56. Kb3 Qc4+ 57. Kc2 Qe2+ 58. Kb1 Qf1+ 59.
Ka2 Qc4+ 60. Ka1 Qf1+ 61. Ka2 Qc4+ 62. Kb1 Qf1+ 63. Ka2 1/2-1/2

[Event "*** Titled Tuesday 3|2 Blitz"]
[Site "Chess.com"]
[Date "2016.01.05"]
[Round "6"]
[White "AdrianaNikolova"]
[Black "THORK"]
[Result "1-0"]
[WhiteElo "2181"]
[BlackElo "2148"]
[TimeControl "180+2"]
[EndTime "12:14:31 PST"]
[Termination "AdrianaNikolova won by resignation"]

1. e4 e5 2. Nf3 Nf6 3. Nc3 Bb4 4. Bc4 O-O 5. d3 Bxc3+ 6. bxc3 Nc6 7. O-O h6 8. Be3 d5 9. exd5 Nxd5 10. Bd2 Bg4 11. h3 Bh5 12. Re1 Re8 13. Qe2 Qd6 14. Qe4 Nf6 15.
Qe3 Rad8 16. Nh4 Na5 17. Bb3 c5 18. g4 Bg6 19. Nxg6 Nxb3 20. axb3 fxg6 21. Rxa7 b5 22.
g5 hxg5 23. Qxg5 Nh5 24. c4 bxc4 25. bxc4 Qf6 26. Qxf6 gxf6 27. Be3 Rc8 28. Rea1 f5 29. R1a5 Rf8 30. Bxc5 Rf7 31. Rxf7 Kxf7 32. Bd6 e4 33. c5 exd3 34. cxd3 Ke6 35. Ra7 Kd5 36. Kg2 Re8 37.
Kf3 Rc8 38. Ra4 g5 39. Ra7 Rg8 40. Rf7 g4+ 41. hxg4 fxg4+ 42. Kg2 Ke6 43. Rh7 Nf6 44. Re7+ Kd5 45. Re5+ Kc6 46. Re6 Nd5 47. Rh6 Kb5 48.
Rh4 Nb4 49. d4 Kc4 50. Kg3 Kxd4 51. Rxg4+ Rxg4+ 52. Kxg4 Kd5 53. Kg5 Ke6 54. Kg6 Nd5 55.
f4 Ne3 56. Be5 Nf5 57. Bb8 Nd4 58. Kg5 Nf3+ 59. Kg4 Nd4 60. Be5 Nf5 61. c6 Ne7 62. c7 Nc8 63. Kg5 Kf7 64. f5 Nb6 65. Bd4 Nc8 66. Bc5 Kg7 67. f6+ Kg8 68. Kg6 Kh8 69. f7 Ne7+ 70. Kf6 Nd5+ 71. Ke5 Nxc7 72. f8=Q+ Kh7 73.
Qe7+ 1-0

[Event "*** Titled Tuesday 3|2 Blitz"]
[Site "Chess.com"]
[Date "2016.01.05"]
[Round "6"]
[White "jup1978"]
[Black "APL2001"]
[Result "1/2-1/2"]
[WhiteElo "2222"]
[BlackElo "2016"]
[TimeControl "180+2"]
[EndTime "12:14:32 PST"]
[Termination "Game drawn - insufficient material"]

1. e4 Nf6 2. e5 Nd5 3. d4 d6 4. Nf3 g6 5. Bc4 Nb6 6. Bb3 Bg7 7. Qe2 O-O 8. O-O Nc6 9. Re1 Bg4 10. e6 Nxd4 11.
exf7+ Kh8 12. Qe4 Bxf3 13. gxf3 Nxb3 14. axb3 Rxf7 15. Qxb7 Qf8 16. Nc3 Rxf3 17. Be3 Nd7 18. Qxc7 Ne5 19. Rxa7 Rxa7 20. Qxa7 h6 21. Nd5 Rf7 22. Ra1 e6 23. Nc7 Qc8 24. Bb6 Nf3+ 25. Kg2 Bxb2 26. Qa8 Rf8 27. Qxc8 Rxc8 28. Rd1 Bd4 29.
Bxd4+ Nxd4 30. Rxd4 Rxc7 31. Rxd6 Rxc2 32. Rxe6 Kg7 33. b4 Rb2 34. Re4 Kf6 35. Kf3 Kf5 36.
Rc4 Rb3+ 37. Ke2 Rb2+ 38. Ke3 Rb3+ 39. Kd4 Rb2 40. Kc5 Rxf2 41. b5 Rxh2 42. b6 Rb2 43.
Rb4 Rc2+ 44. Kd6 Rc8 45. Kd7 Rb8 46. Kc7 Rg8 47. Rd4 g5 48. b7 g4 49. Rd6 h5 50.
Rd8 Rg7+ 51. Rd7 Rg8 52. Rd5+ Kf4 53. Rxh5 g3 54. Rb5 g2 55. Rb1 Kf3 56. Rg1 Rg7+ 57. Kc6 Rxb7 58. Kxb7 Kf2 59. Rxg2+ Kxg2 1/2-1/2

[Event "*** Titled Tuesday 3|2 Blitz"]
[Site "Chess.com"]
[Date "2016.01.05"]
[Round "6"]
[White "Matibar"]
[Black "Krutoy123"]
[Result "1-0"]
[WhiteElo "2436"]
[BlackElo "2342"]
[TimeControl "180+2"]
[EndTime "12:15:16 PST"]
[Termination "Matibar won by resignation"]

1. d4 Nf6 2. c4 e6 3. Nf3 d5 4. Bg5 Be7 5. Nc3 h6 6. Bxf6 Bxf6 7. cxd5 exd5 8. e3 O-O 9. Bd3 c6 10. Qc2 Re8 11. O-O Nd7 12. b4 Nf8 13. a4 Ne6 14. a5 Qd6 15. Rab1 Bd7 16. Na4 Rab8 17. Rfc1 b6 18.
axb6 axb6 19. b5 cxb5 20. Bxb5 Rec8 21. Qd1 Rxc1 22. Qxc1 Bxb5 23. Rxb5 Nc7 24. Rb1 Ne6 25. Nc3 Qc6 26. Qb2 b5 27. Na2 Qd6 28. Nb4 Be7 29. Qa2 Nc7 30. Ne5 Ra8 31. Qc2 Ra4 32. Ned3 Na6 33.
Qc8+ Bf8 34. Nxa6 Qxa6 35. Qxa6 Rxa6 36. Nf4 b4 37. Nxd5 Ra5 38. Nf4 b3 39. Kf1 Rb5 40.
Nd3 Ba3 41. Ke2 b2 42. Kd2 Rg5 43. g3 Rh5 44. h4 g5 45. hxg5 hxg5 46. Nxb2 Kg7 47.
Nc4 Be7 48. Rb5 Rh2 49. Ke2 Rh1 50. Rb7 Kf6 51. Nb6 Bd6 52. Nd5+ Ke6 53. Nc3 f5 54. Rb6 Kd7 55. e4 Bc7 56. Rb5 Rc1 57. Kd2 Rf1 58.
Rxf5 Ke6 59. Nd5 Ba5+ 60. Ke2 Re1+ 61. Kf3 g4+ 62. Kxg4 Bd2 63. Nf4+ Kd7 64. Re5 Bc3 65. Rd5+ Ke7 66. Kf5 Rf1 67. Nd3 Rd1 68. Ne5 Be1 69. f4 Bxg3 70. Rd7+ Ke8 71. Rg7 Bh4 72. d5 Kf8 73.
Ra7 Bg3 74. Ng6+ Ke8 75. Ke6 Kd8 76. e5 Bf2 77. Rf7 Bc5 78. d6 Kc8 79. Rc7+ Kd8 80. Rxc5 1-0

[Event "*** Titled Tuesday 3|2 Blitz"]
[Site "Chess.com"]
[Date "2016.01.05"]
[Round "6"]
[White "VSERGUEI"]
[Black "ChessSkool"]
[Result "0-1"]
[WhiteElo "2417"]
[BlackElo "2275"]
[TimeControl "180+2"]
[EndTime "12:15:23 PST"]
[Termination "ChessSkool won by checkmate"]

1. d4 d5 2. c4 dxc4 3. e4 e5 4. Nf3 exd4 5. Bxc4 Nc6 6. O-O Bc5 7. b4 Bb6 8. Qb3 Qe7 9. Ba3 Qf6 10. Nbd2 Nge7 11.
b5 Na5 12. Qb4 c5 13. bxc6 Nexc6 14. e5 Qg6 15. Qb5 Bh3 16. Nh4 Qg4 17. Ndf3 Bxg2 18. Nxg2 Nxc4 19. Qxc4 Qxf3 20. e6 f5 21. e7 h5 22. Bd6 h4 23. h3 Kd7 24. Bh2 Rh6 25.
Rad1 Re8 26. Rd3 Qh5 27. Nf4 Qg5+ 28. Kh1 Qxe7 29. Nd5 Qe4+ 30. f3 Qe2 31. Rfd1 Kc8 32. a4 Qe6 33. Rb1 Rd8 34. Nxb6+ axb6 35. Qxe6+ Rxe6 36. Rxb6 Re1+ 37. Kg2 Rde8 38. Rb2 R8e2+ 39. Rxe2 Rxe2+ 40. Kh1 Ra2 41. Rd1 Rxa4 42. Rg1 d3 43. Rd1 Rd4 44. Bg1 Rd5 45. Be3 Ne5 46. Kg2 Nc4 47. Bg5 b5 48. Kf2 Kd7 49. Bxh4 Kc6 50. Bg5 b4 51. h4 b3 52. h5 b2 53. Rb1 Kc5 54. h6 gxh6 55. Bf6 d2 56. Ke2 d1=Q+ 57. Rxd1 Rxd1 58. Bxb2 Nxb2 59. Ke3 Rd4 60. f4 Nd3 61. Kf3 Nxf4 62. Ke3 Ne6 63. Kf3 Re4 64. Kg3 Rf4 65. Kh3 Rg4 66. Kh2 Kd4 67. Kh3 Ke3 68.
Kh2 Kf2 69. Kh3 Nc7 70. Kh2 Rh4# 0-1

[Event "*** Titled Tuesday 3|2 Blitz"]
[Site "Chess.com"]
[Date "2016.01.05"]
[Round "6"]
[White "Gergo85"]
[Black "yurisolo"]
[Result "0-1"]
[WhiteElo "2352"]
[BlackElo "2467"]
[TimeControl "180+2"]
[EndTime "12:15:45 PST"]
[Termination "yurisolo won by resignation"]

1. e4 c5 2. Nf3 d6 3. d4 Nf6 4. Nc3 cxd4 5. Qxd4 Bd7 6. Bg5 Nc6 7. Qd2 e6 8. Bd3 Be7 9. O-O a6 10. a4 h6 11. Bf4 O-O 12. Rfd1 Qc7 13. Bf1 Ne5 14. Nxe5 dxe5 15. Be3 Bb4 16. f3 Rfd8 17. Qf2 Bc6 18. Bb6 Rxd1 19. Rxd1 Qe7 20. a5 Nd7 21. Be3 Bxa5 22.
h3 Rd8 23. Kh2 Bb4 24. Qg3 Kh7 25. Bd3 Bc5 26. Nd5 Qf8 27. Bxc5 Qxc5 28. Qh4 f6 29. b4 Qf8 30. Qf2 Kh8 31. Nc7 Qe7 32. b5 axb5 33. Bxb5 Nf8 34. Rxd8 Qxd8 35. Bxc6 Qxc7 36. Ba4 Ng6 37. Qd2 Nf4 38. Qd7 Qc5 39. Qd2 Kh7 40.
Bb3 Qc6 41. Qe3 b5 42. Qd2 h5 43. g3 Ng6 44. h4 Ne7 45. Qb4 Nc8 46. Qf8 Qd7 47.
Kh3 Nd6 48. Qb8 Nc4 49. Bxc4 bxc4 50. Qb4 Qd1 51. Kh2 Qxc2+ 52. Kh3 c3 53. Qe7 Qb1 54.
Kh2 c2 55. Qe8 Qb5 56. Qxb5 c1=Q 57. Qe8 Qd2+ 58. Kh3 Qh6 59. Qxe6 Qe3 60. Qf5+ Kh6 61. Kg2 Qe2+ 62. Kg1 Qe1+ 63. Kg2 Qe2+ 64. Kg1 Qd1+ 65. Kg2 Qd2+ 66. Kg1 Qd8 67. Qe6 Qd1+ 68. Kg2 Qe2+ 69. Kh3 Qxf3 70. Kh2 Qxe4 71. Qe8 Qe2+ 72. Kh3 Kh7 73.
Qe6 Qf3 74. Kh2 e4 75. Qc4 e3 76. Qc2+ f5 77. Kg1 Qxg3+ 0-1

[Event "*** Titled Tuesday 3|2 Blitz"]
[Site "Chess.com"]
[Date "2016.01.05"]
[Round "6"]
[White "Gabrielian_Artur"]
[Black "oskariot"]
[Result "1/2-1/2"]
[WhiteElo "2454"]
[BlackElo "2337"]
[TimeControl "180+2"]
[EndTime "12:16:38 PST"]
[Termination "Game drawn by stalemate"]

1. e4 c5 2. c3 Nf6 3. e5 Nd5 4. Bc4 e6 5. Nf3 d6 6. exd6 Bxd6 7. O-O O-O 8. d4 cxd4 9. Nxd4 Bxh2+ 10. Kxh2 Qc7+ 11.
Kg1 Qxc4 12. Nd2 Qc7 13. N2f3 Nc6 14. c4 Nxd4 15. Qxd4 Nf6 16. b3 Bd7 17. Bb2 Bc6 18.
Ne5 Rfd8 19. Qe3 Be4 20. Rad1 Bc2 21. Rxd8+ Qxd8 22. Re1 a6 23. Nxf7 Kxf7 24. Qxe6+ Kg6 25. Re3 Qd1+ 26. Re1 Qg4 27. Qxg4+ Nxg4 28. Re7 Nf6 29. Rxb7 Bb1 30. a4 Bc2 31. a5 Rc8 32. Rb6 h5 33. f3 Kf5 34. Kf2 Rd8 35. Ke2 h4 36. Rb7 Rd7 37.
Rb6 Rd3 38. Rxa6 Rxb3 39. Bd4 Bd3+ 40. Kf2 Bxc4 41. Rc6 Bd3 42. a6 Ra3 43. a7 Ra2+ 44. Ke3 Bf1 45. Rc5+ Ke6 46. Re5+ Kd6 47. Rg5 Nd5+ 48.
Ke4 Re2+ 49. Kf5 Ne7+ 50. Kg4 Rxg2+ 51. Kxh4 Rh2+ 52. Kg3 Rg2+ 53. Kh4 Rh2+ 54. Kg4 Ra2 55. Bc5+ Ke6 56. Bxe7 Kxe7 57. Rxg7+ Kf6 58. Rb7 Bc4 59. Kf4 Be6 60. Ke3 Ra4 61. Kd3 Bd5 62. Rb6+ Ke7 63. f4 Rxa7 64. Kd4 Bf7 65. f5 Ra5 66. Ke4 Ra4+ 67. Ke5 Ra5+ 68. Kf4 Ra1 69. Ke5 Re1+ 70. Kf4 Bd5 71. Ra6 Kf7 72. Kg5 Rg1+ 73. Kf4 Rf1+ 74.
Ke5 Bc4 75. Ra7+ Ke8 76. Rc7 Bd3 77. f6 Re1+ 78. Kd6 Bf5 79. Re7+ Rxe7 80. fxe7 Be6 81. Kxe6 1/2-1/2

[Event "*** Titled Tuesday 3|2 Blitz"]
[Site "Chess.com"]
[Date "2016.01.05"]
[Round "6"]
[White "Lupul_Cenusiu"]
[Black "aspired"]
[Result "1-0"]
[WhiteElo "2377"]
[BlackElo "2348"]
[TimeControl "180+2"]
[EndTime "12:18:03 PST"]
[Termination "Lupul_Cenusiu won by resignation"]

1. d4 e6 2. c4 f5 3. Nf3 Nf6 4. g3 d5 5. Qc2 c6 6. Bg2 Bd6 7. O-O O-O 8. b3 Qe7 9. Ne5 Nbd7 10. Nd3 b6 11. a4 a5 12. Ba3 Ba6 13. Bxd6 Qxd6 14. e3 Rfc8 15. Rd1 Rab8 16. Na3 c5 17. dxc5 Nxc5 18. Nf4 g5 19. Qb2 Qe7 20. Ne2 dxc4 21.
Nxc4 Nxb3 22. Qxb3 Bxc4 23. Qb2 Bxe2 24. Qxe2 Rd8 25.
Qc4 Kf7 26. Qb3 Rd7 27. Bc6 Rd6 28. Bf3 Rbd8 29. Rxd6 Rxd6 30. Rb1 g4 31. Bg2 Qc7 32. h4 Qc5 33. Rb2 Qc1+ 34. Kh2 Kg6 35. Rb1 Qc5 36. Qb2 h5 37. Qb3 Nd7 38. Qb2 Qe5 39. Qc2 Nc5 40. Rd1 Rxd1 41. Qxd1 Qc7 42. Qd4 e5 43. Qc4 Kf6 44.
Bf1 Ne6 45. Qb5 f4 46. exf4 exf4 47. Bd3 fxg3+ 48. fxg3 Qc5 49. Qb2+ Qd4 50. Qe2 Nc5 51. Bb5 Ne4 52. Bd3 Qf2+ 53. Qxf2+ Nxf2 54. Bb5 Nd1 55. Kg2 Nc3 56. Be8 Kf5 57. Kf2 Ne4+ 58. Kg2 Nf6 59. Bb5 Ke4 60. Kf2 Kd4 61. Bc6 Ne4+ 62. Kg2 Ke3 63.
Be8 Nf6 64. Bb5 Kd2 65. Kf2 Ne4+ 66. Kg2 Kc3 67. Be8 Nf6 68. Bc6 Kd3 69. Kf2 Kd2 70.
Kg2 Ke3 71. Bb5 Kd4 72. Kf2 Ne4+ 73. Kg2 Ke5 74. Be8 Nc3 75. Kf2 Ne4+ 76. Kg2 Nf6 77. Bb5 Kd6 78. Kf2 Ne4+ 79. Kg2 Kc5 80. Kh2 Kb4 81.
Be8 Nf6 82. Bc6 Kc5 83. Bb5 Ne4 84. Be8 Nf6 85. Bb5 Nd5 86. Be8 Nf6 87. Bb5 Kd4 88. Kg2 Kd5 89. Kf2 Ke5 90. Kg2 Ke6 91. Kf2 Ne4+ 92.
Kg2 Kf7 93. Bc6 Nd6 94. Kf2 Nf5 95. Bd7 Kf6 96. Be8 Ng7 97. Bb5 Ke5 98. Bc6 Kd4 99. Bb5 Kd5 100. Ke3 Ke5 101. Kf2 Nf5 102. Be8 Ng7 103. Bb5 Kf6 104. Ke3 Nf5+ 105. Kf4 Nd4 106. Be8 Ne2+ 107. Ke3 Nxg3 108. Kf4 Ne2+ 109. Ke3 Nc3 110. Bxh5 g3 111. Be8 Ke7 112. Bc6 Kd6 113. Be8 Ke7 114. Bc6 b5 115.
Bxb5 Nxb5 116. axb5 a4 117. b6 Kd7 118. b7 Kc7 119.
h5 g2 120. Kf2 a3 121. h6 Kxb7 122. h7 1-0

[Event "*** Titled Tuesday 3|2 Blitz"]
[Site "Chess.com"]
[Date "2016.01.05"]
[Round "7"]
[White "HansCoolNiemann"]
[Black "alturas_pacificas"]
[Result "1-0"]
[WhiteElo "2210"]
[BlackElo "2072"]
[TimeControl "180+2"]
[EndTime "12:20:44 PST"]
[Termination "HansCoolNiemann won by resignation"]

1. d4 d5 2. c4 c6 3. Nf3 Nf6 4. e3 e6 5. Nbd2 Nbd7 6. Bd3 b6 7. O-O Bb7 8. e4 dxe4 9. Nxe4 Nxe4 10. Bxe4 Nf6 11. Bc2 c5 12. Bg5 cxd4 13. Ba4+ Ke7 14. Nxd4 h6 15. Re1 Qxd4 16. Qxd4 hxg5 17. Rad1 1-0

[Event "*** Titled Tuesday 3|2 Blitz"]
[Site "Chess.com"]
[Date "2016.01.05"]
[Round "7"]
[White "BIG_Pirate"]
[Black "Jahonas"]
[Result "1-0"]
[WhiteElo "2209"]
[BlackElo "2096"]
[TimeControl "180+2"]
[EndTime "12:21:18 PST"]
[Termination "BIG_Pirate won by resignation"]

1. Nf3 c6 2. c4 d5 3. d4 e6 4. Qc2 Nf6 5. Bg5 Nbd7 6. cxd5 exd5 7. e3 h6 8. Bh4 Bb4+ 9. Nbd2 g5 10. Bg3 g4 11. a3 Qa5 12. Rd1 gxf3 13. axb4 fxg2 14. Bxg2 Qxb4 15. O-O Nf8 16. e4 dxe4 17. Nxe4 Nxe4 18. Bxe4 Be6 19. Bxc6+ 1-0

[Event "*** Titled Tuesday 3|2 Blitz"]
[Site "Chess.com"]
[Date "2016.01.05"]
[Round "7"]
[White "Hollywood_Chess"]
[Black "MateusViageiro"]
[Result "0-1"]
[WhiteElo "2025"]
[BlackElo "2241"]
[TimeControl "180+2"]
[EndTime "12:22:25 PST"]
[Termination "MateusViageiro won by resignation"]

1. d4 Nf6 2. c4 e6 3. Nc3 Bb4 4. e3 O-O 5. Bd3 b6 6. Ne2 Bb7 7. O-O d5 8. a3 Be7 9. b4 dxc4 10.
Bxc4 Nbd7 11. Ng3 c5 12. bxc5 bxc5 13. Rb1 Qc8 14. Qe2 cxd4 15. exd4 Nb6 16. Bf4 Nxc4 17. Rxb7 Qxb7 18. Qxc4 Rfc8 19. Qd3 Qb3 20. Rc1 Nd5 21. Bd2 Nxc3 22. Rxc3 Rxc3 23. Qxc3 Qxc3 24. Bxc3 Rc8 25. Ne2 Bxa3 26. Kf1 Rb8 27. Ke1 Bb4 0-1

[Event "*** Titled Tuesday 3|2 Blitz"]
[Site "Chess.com"]
[Date "2016.01.05"]
[Round "7"]
[White "Krutoy123"]
[Black "Gergo85"]
[Result "0-1"]
[WhiteElo "2330"]
[BlackElo "2362"]
[TimeControl "180+2"]
[EndTime "12:22:29 PST"]
[Termination "Gergo85 won by resignation"]

1. b3 e5 2. Bb2 Nc6 3. e3 Nf6 4. Bb5 Bd6 5. Na3 a6 6. Be2 b5 7. c4 b4 8. Nc2 Bb7 9. d4 O-O 10. Nf3 e4 11. Nd2 Be7 12. d5 Na7 13. f3 exf3 14.
gxf3 c6 15. e4 cxd5 16. cxd5 Nb5 17. Bxb5 axb5 18. O-O Nh5 19. f4 Bc5+ 20. Kh1 Qh4 21. Qf3 f5 22. e5 Nxf4 0-1

[Event "*** Titled Tuesday 3|2 Blitz"]
[Site "Chess.com"]
[Date "2016.01.05"]
[Round "7"]
[White "BellJackson95"]
[Black "jup1978"]
[Result "1-0"]
[WhiteElo "2272"]
[BlackElo "2215"]
[TimeControl "180+2"]
[EndTime "12:22:50 PST"]
[Termination "BellJackson95 won by resignation"]

1. e4 e6 2. d4 d5 3. Nc3 Nf6 4. Bg5 Bb4 5. e5 h6 6. Be3 Bxc3+ 7.
bxc3 Ne4 8. Qg4 Kf8 9. Bd3 Nxc3 10. Nf3 c5 11. dxc5 Nc6 12. Bd2 Ne4 13. Bxe4 dxe4 14.
Qxe4 Qd5 15. Qe3 Bd7 16. O-O Rd8 17. Bc3 Qc4 18. Rfd1 Ke7 19. Rd6 Bc8 20. Qd2 Qxc5 21. Rd1 Qb6 22. Qf4 Rd7 23. g4 g5 24. Qf6+ 1-0